 Dungeon Crawl Stone Soup version 0.28.0-45-g0d030f2227 (webtiles) character file.

Game seed: 6173675767092351261

42 zeratav the Chopper (level 3, -2/33 HPs)
             Began as a Minotaur Berserker on Apr 2, 2022.
             Was a Believer of Trog.
             Killed from afar by an orc wizard (5 damage)
             ... with a magic dart
             ... on level 3 of the Dungeon.
             The game lasted 00:02:23 (1462 turns).

zeratav the Chopper (Minotaur Berserker)            Turns: 1462, Time: 00:02:25

Health: -2/33      AC:  5    Str: 23    XL:     3   Next: 33%
Magic:  2/2        EV: 11    Int:  4    God:    Trog [**....]
Gold:   115        SH:  0    Dex:  9    Spells: 2/2 levels left

rFire   . . .      SeeInvis .   k - +0 hand axe (elec)
rCold   . . .      Faith    .   (no shield)
rNeg    . . .      Spirit   .   j - +0 ring mail
rPois   .          Reflect  .   (helmet restricted)
rElec   .          Harm     .   (no cloak)
rCorr   .          Rampage  .   (no gloves)
Will    .....                   (no boots)
Stlth   ..........              (no amulet)
HPRegen 0.11/turn               (no ring)
MPRegen 0.08/turn               (no ring)

@: no status effects
A: horns 2, retaliatory headbutt
a: Renounce Religion, Berserk, Trog's Hand


You were on level 3 of the Dungeon.
You worshipped Trog.
Trog was pleased with you.
You visited 1 branch of the dungeon, and saw 3 of its levels.

You collected 115 gold pieces.

Inventory:

Hand Weapons
 k - a +0 hand axe of electrocution (weapon)
Missiles
 c - 5 poisoned darts (quivered)
Armour
 j - a +0 ring mail (worn)
Wands
 n - a wand of acid (12)
Scrolls
 a - a scroll of identify {unknown}
 d - 3 scrolls of teleportation {unknown}
 e - 2 scrolls of immolation {unknown}
 h - a scroll of enchant weapon {unknown}
 i - a scroll of torment {unknown}
 l - a scroll of acquirement {unknown}
 m - 2 scrolls of amnesia {unknown}
 o - a scroll of magic mapping {unknown}
Potions
 b - a potion of haste {unknown}
 f - 2 potions of flight {unknown}
 g - a potion of might {unknown}


   Skills:
 + Level 4.1 Fighting
 + Level 4.5 Axes
 + Level 2.7 Armour
 + Level 2.6 Dodging
 + Level 0.1 Stealth


You had 2 spell levels left.
You didn't know any spells.
Your spell library was empty.

Dungeon Overview and Level Annotations

Branches:
Dungeon (3/15)

Altars:


Innate Abilities, Weirdness & Mutations

You have a pair of horns on your head.
You reflexively headbutt those who attack you in melee.


Message History

You barely miss the orc. You hit the bat. You barely miss something.
The bat barely misses you. The orc closely misses you.
The orc completely misses you. Something hits you.
You slash the bat!
You kill the bat!
Trog accepts your kill.
You closely miss the orc. You closely miss something.
The orc hits you but does no damage. The orc hits you with a +0 mace.
Something hits you. The orc hits you but does no damage.
You hit the orc.
You kill the orc!
Trog accepts your kill.
You closely miss something. Something hits you but does no damage.
The orc hits you from afar with a +0 trident.
You completely miss something. Something hits you.
The orc hits you from afar with a +0 trident.
You are too injured to fight recklessly!
You are too injured to fight recklessly!
You are too injured to fight recklessly!
You miss something. Something hits you but does no damage.
The orc hits you but does no damage.
Unknown command.
You miss something. Something hits you.
The orc hits you from afar with a +0 trident.
You barely miss something. Something hits you but does no damage.
The orc barely misses you. Something hits you but does no damage.
You hit something. The orc hits you but does no damage.
Something hits you but does no damage.
You hit something. Your headbutt misses something.
The orc hits you from afar with a +0 trident.
* * * LOW HITPOINT WARNING * * *
Something hits you.
* * * LOW HITPOINT WARNING * * *
You barely miss something. You headbutt something.
The orc hits you from afar with a +0 trident.
* * * LOW HITPOINT WARNING * * *
You hear some strange, mumbled words.
A magic dart appears from out of thin air!
The magic dart hits you.
You die...

########
###########....... #
#...........######
....###...).....###
......{@.............###
.....o#)........####....
................# #####
......#.........#
.?....#.........# ....#
#....=....# ..#.
#.........# #### .
#####.#.### .... ###


You could see an orc.

Vanquished Creatures
  A worm (D:2)
  4 orcs (D:3)
  6 endoplasms (D:2)
  A giant cockroach (D:3)
  3 hobgoblins
  3 kobolds (D:1)
  3 ball pythons
  4 bats
  A frilled lizard (D:1)
  2 goblins
  3 rats (D:1)
31 creatures vanquished.

Notes
Turn   | Place    | Note
-------+----------+-------------------------------------------
     0 | D:1      | zeratav the Minotaur Berserker began the quest for the Orb.
     0 | D:1      | Reached XP level 1. HP: 19/19 MP: 0/0
   554 | D:1      | Reached XP level 2. HP: 22/27 MP: 1/1
   785 | D:2      | Found a faded altar of an unknown god.
  1348 | D:3      | Reached XP level 3. HP: 33/33 MP: 2/2
  1421 | D:3      | Reached ** piety under Trog
  1462 | D:3      | Killed from afar by an orc wizard

Illustrated notes

Levels and vault maps discovered:
D:1:      onia_arrival_handbag, layout_basic
D:2:      layout_basic, ebering_ecumenical_altar_sacrificial
D:3:      layout_loops_ring

Skill      XL: |  1  2 |
---------------+-------+-----
Axes           | 4 |  4.5
Fighting       | 4 |  4.1
Armour         | |  2.7
Dodging        | |  2.6
Stealth        | |  0.1

Action                   || total
-------------------------++-------
Melee: Hand axe          ||    55
       Headbutt          ||     5
       Punch             ||     1
 Stab: Sleeping          ||     1
Armor: Animal skin       ||     4
       Ring mail         ||    24
Dodge: Dodged            ||    27
